 Dungeon Crawl Stone Soup version 0.31.0-11-ge490571c62 (webtiles) character file.

Game seed: 14077234981768803635

4729 HospitalGownGuy the Ducker (level 10, -3/93 HPs)
             Began as a Djinni Alchemist on Feb 3, 2024.
             Was an Elder of Qazlal.
             Slain by an unseen horror (7 damage)
             ... on level 9 of the Dungeon on Feb 4, 2024.
             The game lasted 00:39:24 (9608 turns).

HospitalGownGuy the Ducker (Djinni Alchemist)       Turns: 9608, Time: 00:39:24

Health: -3/93      AC: 25    Str: 11    XL:     10   Next: 73%
Gold:   269        EV:  2    Int: 16    God:    Qazlal [****..] SH:  5 Dex: 15

rFire   . . .        f - +2 halberd (freeze)
rCold   + . .        (shield currently unavailable)
rNeg    . . .        k - melded +2 leather armour {rPois}
rPois   ∞            (helmet currently unavailable)
rElec   .            (cloak currently unavailable)
rCorr   .            (gloves currently unavailable)
SInv    .            (boots unavailable)
Will    +....        (no amulet)
Stlth   ++           b - ring of protection from cold
HPRegen 0.35/turn    (no ring)
MPRegen 0.00/turn

%: repel missiles, infuse magic (-4 HP)
@: tree-form, unable to read
A: stationary, stasis, torment immunity, boosted hp, sickness immunity, (fire
resistance 2), (cold vulnerability 1), float, innate caster, HP casting, extra
vitality 1, frail 1, mutation resistance 1, inability to read after injury 1
a: Renounce Religion, Upheaval, Elemental Force


You were on level 9 of the Dungeon.
You worshipped Qazlal.
Qazlal was greatly pleased with you.
You were a tree.
You visited 1 branch of the dungeon, and saw 9 of its levels.
You also visited: Sewer.

You collected 453 gold pieces.
You spent 184 gold pieces at shops.

Inventory:

Hand Weapons
 f - a +2 halberd of freezing (weapon)
 m - a +1 dagger of venom
Missiles
 v - 2 boomerangs (quivered)
 y - a curare-tipped dart
Armour
 a - a +1 robe
 j - the +1 chain mail "Meynas" {Str+2}
   (You found it on level 4 of the Dungeon)

   Str+2:     It affects your strength (+2).
 k - a +2 leather armour of poison resistance (melded)
Jewellery
 b - a ring of protection from cold (left branch)
 g - a ring of protection from cold
Talismans
 u - a maw talisman
Wands
 t - a wand of roots (8)
Scrolls
 e - a scroll of revelation
 o - 2 scrolls of immolation
 q - 3 scrolls of teleportation
 r - 2 scrolls of poison
 s - 2 scrolls of noise
 w - 2 scrolls of fog
 x - a scroll of identify
 z - a scroll of butterflies
Potions
 c - 3 potions of enlightenment
 d - 2 potions of degeneration
 h - 2 potions of lignification
 i - 2 potions of attraction
 l - 5 potions of haste
 n - 3 potions of brilliance
 p - a potion of resistance


   Skills:
 * Level 4.6 Fighting
 - Level 1.5 Short Blades
 - Level 1.1(2.2) Maces & Flails
 * Level 3.7(4.3) Polearms
 * Level 3.4(4.5) Staves
 * Level 4.1 Throwing
 * Level 4.6 Armour
 * Level 5.7 Dodging
 * Level 4.7 Stealth
 + Level 1.0 Shields
 * Level 4.5 Spellcasting
 * Level 4.5 Conjurations
 * Level 4.5 Hexes
 * Level 4.5 Summonings
 * Level 4.5 Necromancy
 * Level 4.5 Translocations
 * Level 4.5 Fire Magic
 * Level 4.5 Ice Magic
 * Level 4.5 Air Magic
 * Level 4.5 Earth Magic
 * Level 4.5 Alchemy
 * Level 4.5 Invocations
 * Level 2.2 Evocations
 * Level 1.8 Shapeshifting


You knew the following spells:

 Your Spells              Type           Power      Damage    Failure   Level
a - Sting                 Conj/Alch      72%        1d7       2%          1
b - Mercury Vapours       Alch/Air       36%        N/A       3%          2
c - Mephitic Cloud        Conj/Alch/Air  18%        N/A       8%          3
d - Olgreb's Toxic Radia  Alch           18%        N/A       24%         4
e - Sticky Flame          Fire/Alch      18%        2d6       24%         4
f - Kiss of Death         Conj/Necr      72%        2d10      2%          1
g - Static Discharge      Conj/Air       36%        3-5/arc   3%          2
h - Ozocubu's Armour      Ice            18%        N/A       8%          3
i - Fulminant Prism       Conj/Alch      9%         3d7       24%         4
Your spell library was empty.

Dungeon Overview and Level Annotations

Branches:
Dungeon (9/15)             Temple (0/1) D:5           Sewer (visited)
   Lair: D:8-11         Orc: D:9-12

Altars:
Ashenzari
Cheibriados
Dithmenos
Elyvilon
Hepliaklqana
Okawaru
Qazlal
Trog
Yredelemnul

Shops:
D:3 !   D:6 *?


Innate Abilities, Weirdness & Mutations

You are a tree.
Your roots penetrate the ground, keeping you stationary.
You cannot be teleported.
You are immune to unholy pain and torment.
Your maximum health is greatly increased.
Your equipment is partially melded.
You are immune to sickness and miasma.
You are immune to poison.
((Your flesh is very heat resistant. (rF++)))
((You are vulnerable to cold. (rC-)))
You float through the air rather than walking.
You learn spells naturally, not from books.
Your magical power is your life essence.
You have superior vitality. (+4 MHP)
You are frail. (-10% HP)
You are somewhat resistant to further mutation.
You occasionally lose the ability to read scrolls when taking damage.


Message History

Roots grab something.
The grasping roots constrict something.
Something hits you!
* * * LOW HITPOINT WARNING * * *
Something hits you but does no damage.
A killer bee comes into view.
Unknown command. 2 killer bees come into view.
Found a stone staircase leading up.
The grasping roots constrict something.
The killer bee buzzes angrily.
The killer bee stings you but does no damage.
The killer bee moves out of view.
Unknown command.
You turn into a tree.
Your +2 leather armour of poison resistance melds into your body.
Your roots penetrate the ground.
The grasping roots constrict something.
The killer bee stings you but does no damage. x2
Something hits you.
* * * LOW HITPOINT WARNING * * *
The killer bee stings you but does no damage. x2
Something hits you but does no damage.
You closely miss the killer bee. Something hits you but does no damage.
The killer bee stings you but does no damage. x3
The killer bee stings you.
* * * LOW HITPOINT WARNING * * *
The killer bee stings you but does no damage. x2
Unknown command.
Casting: Olgreb's Toxic Radiance (dangerous; 24% risk of failure)
Confirm with . or Enter, or press ? or * to list all spells.
You begin to radiate toxic energy.
The killer bee is poisoned. x4
* * * LOW HITPOINT WARNING * * *
The killer bee looks even sicker.
You block something's attack. Something hits you but does no damage.
The killer bee stings you but does no damage. x4
Okay, then.
You miss the killer bee.
The killer bee is moderately wounded.
The killer bee looks even sicker. x2
Your toxic aura wanes.
You block something's attack. Something hits you!
You die...

.###.# #.# ........#
.....# #.# #######.#
.....# #.# ....#.#
.....##### #.# <.#.#.#
.........# #.### ....#.#
.....###.# #...# ....#.#
....####.# #...# y.. #.#
....+....# #.####y# #.#
....###..# #....♣y# #.#
....# #..# ######## #.#
##### #..# #.# #..# #.#
#######.†#.##.########.#
.........#.##..........#
......##+#..........####
###.............###.#
##+#..........# #.#


You could see 3 killer bees.

Vanquished Creatures
  Maggie (D:6)
  A gargoyle (D:9)
  5 yaks (D:9)
  A wyvern (D:9)
  An acid dragon (D:8)
  A water moccasin (D:7)
  Duvessa (D:4)
  3 orc warriors
  A black bear (D:4)
  An ogre (D:6)
  A centaur (D:7)
  2 bullfrogs
  6 kobold brigands
  Blork the orc (D:4)
  A scorpion (D:7)
  3 wights (D:8)
  Dowan (D:4)
  8 killer bees
  2 howler monkeys
  2 bombardier beetles (D:5)
  2 hounds
  3 jellies
  2 gnoll boudas
  3 orc priests
  Jessica (D:3)
  2 sleepcaps
  An iguana (D:7)
  5 orc wizards
  12 adders
  13 gnolls
  6 river rats
  A white imp (D:6)
  2 ufetubi (D:7)
  5 ribbon worms
  41 orcs
  6 ball pythons
  10 endoplasms
  6 giant cockroaches
  9 hobgoblins
  6 jackals
  2 quokkas
  10 bats
  4 frilled lizards
  6 goblins
  49 kobolds
  18 rats
268 creatures vanquished.

Vanquished Creatures (others)
  A fulminant prism (D:6)
1 creature vanquished.

Grand Total: 269 creatures vanquished

Notes
Turn   | Place    | Note
-------+----------+-------------------------------------------
     0 | D:1      | HospitalGownGuy the Djinni Alchemist began the quest for
                  | the Orb.
     0 | D:1      | HospitalGownGuy set off with the following spells
                  | memorised: Sting, Mercury Vapours, Mephitic Cloud, Olgreb's
                  | Toxic Radiance, Sticky Flame.
     0 | D:1      | Reached XP level 1. HP: 15/15 MP: 0/0
   120 | D:1      | Reached XP level 2. HP: 20/21 MP: 0/0
   315 | D:2      | Reached XP level 3. HP: 24/26 MP: 0/0
   315 | D:2      | Learned a level 1 spell: Kiss of Death
   318 | D:2      | Found a stormy altar of Qazlal.
   329 | D:2      | Became a worshipper of Qazlal Stormbringer
   455 | D:2      | Reached XP level 4. HP: 26/31 MP: 0/0
   668 | D:2      | Reached skill level 1 in Armour
   790 | D:1      | Reached skill level 1 in Fighting
   794 | D:1      | Reached skill level 1 in Throwing
   991 | D:1      | You are sucked into a shaft and drop 1 floor!
  1059 | D:1      | Reached * piety under Qazlal
  1493 | D:3      | Reached skill level 1 in Maces & Flails
  1493 | D:3      | Reached skill level 3 in Dodging
  1493 | D:3      | Reached XP level 5. HP: 31/37 MP: 0/0
  1493 | D:3      | Learned a level 2 spell: Static Discharge
  1652 | D:3      | Reached skill level 1 in Invocations
  1670 | D:3      | Noticed Jessica
  1678 | D:3      | Killed Jessica
  1969 | D:3      | Found Haveh's Distillery.
  1977 | D:3      | Bought a potion of mutation for 88 gold pieces
  1977 | D:3      | Gained mutation: You have a pair of small horns on your
                  | head. [potion of mutation]
  1996 | D:3      | Reached XP level 6. HP: 33/42 MP: 0/0
  2098 | D:4      | Noticed a black bear
  2120 | D:4      | Reached ** piety under Qazlal
  2121 | D:4      | Killed a black bear
  2153 | D:4      | Reached XP level 7. HP: 18/48 MP: 0/0
  2153 | D:4      | Learned a level 3 spell: Ozocubu's Armour
  2170 | D:4      | Found a glowing drain.
  2187 | Sewer    | Entered a sewer
  2417 | Sewer    | Reached skill level 1 in Short Blades
  2508 | Sewer    | Reached *** piety under Qazlal
  3128 | D:4      | Noticed Dowan
  3129 | D:4      | Noticed Duvessa
  3158 | D:4      | Killed Dowan
  3161 | D:4      | Killed Duvessa
  3162 | D:4      | Reached XP level 8. HP: 11/55 MP: 0/0
  3343 | D:4      | Identified the +8 spear "Wauj" {protect, Str+2}
  3542 | D:4      | Found an iron altar of Okawaru.
  3593 | D:4      | Found a snail-covered altar of Cheibriados.
  3688 | D:4      | Lost mutation: You have a pair of small horns on your head.
                  | [potion of mutation]
  3688 | D:4      | Gained mutation: You occasionally lose the ability to read
                  | scrolls when taking damage. [potion of mutation]
  3688 | D:4      | Gained mutation: You are frail. (-10% HP) [potion of
                  | mutation]
  3688 | D:4      | Gained mutation: You are somewhat resistant to further
                  | mutation. [potion of mutation]
  3750 | D:4      | Noticed Blork the orc
  3752 | D:4      | Reached skill level 4 in Dodging
  3763 | D:4      | Killed Blork the orc
  3896 | D:4      | Identified the +1 chain mail "Meynas" {Str+2}
  4021 | D:5      | Entered Level 5 of the Dungeon
  4217 | D:5      | Found a hazy altar of Hepliaklqana.
  4308 | D:5      | Found a staircase to the Ecumenical Temple.
  4450 | D:5      | Reached skill level 1 in Polearms
  4450 | D:5      | Reached skill level 1 in Staves
  5466 | D:6      | Noticed Maggie
  5478 | D:6      | Killed Maggie
  5479 | D:6      | Reached XP level 9. HP: 19/54 MP: 0/0
  5479 | D:6      | Learned a level 4 spell: Fulminant Prism
  5647 | D:6      | Found a transporter.
  5654 | D:6      | Found Ruerch's Assorted Antiques.
  5658 | D:6      | Found a transporter.
  5665 | D:6      | Bought a scroll labelled VUMITO SOEDA for 18 gold pieces
  5665 | D:6      | Bought a scroll labelled PODED WABLAAJU for 18 gold pieces
  5869 | D:6      | Found a broken altar of Ashenzari.
  6032 | D:6      | Found The Oracle's Delphic Readings.
  6077 | D:6      | Bought a scroll of poison for 60 gold pieces
  6373 | D:6      | Found a white marble altar of Elyvilon.
  6407 | D:6      | Found a bloodstained altar of Trog.
  6719 | D:7      | Reached **** piety under Qazlal
  7271 | D:7      | Reached skill level 5 in Dodging
  8225 | D:8      | Reached XP level 10. HP: 35/60 MP: 0/0
  8422 | D:8      | Reached skill level 1 in Evocations
  8604 | D:8      | Reached skill level 1 in Shapeshifting
  8897 | D:8      | Found a shadowy altar of Dithmenos.
  9103 | D:9      | Reached skill level 1 in Shields
  9160 | D:9      | Found a basalt altar of Yredelemnul.
  9219 | D:9      | Noticed a gargoyle
  9225 | D:9      | Killed a gargoyle
  9608 | D:9      | Slain by an unseen horror

Illustrated notes

Levels and vault maps discovered:
D:1:      dpeg_arrival_court, layout_rooms, st_stairs_1, kennysheep_boxes
D:2:      layout_loops_ring, basic_altar, nicolae_titane
D:3:      layout_basic, serial_shops, nicolae_shop_competitors_out_of_business,
          hangedman_glass_teeth, minmay_misc_feat_room, uniq_jessica
D:4:      layout_basic, lemuel_crystal_altar, slow_altar_1,
          portal_sewer_entry_b, uniq_duvessa, uniq_blork_the_orc
D:5:      layout_layer_cave, mainiacjoe_overflow_surrounded_room, temple_pool_b,
          fountainhead
D:6:      layout_basic, hellmonk_overflow_destroyed_library,
          overflow_temple_1_default, nicolae_ashenzari_skybound, serial_shops,
          nicolae_shop_drivethru, minmay_misc_feat_chi,
          nicolae_nh_oracle_at_delphi, uniq_maggie
D:7:      layout_cave_pods, serial_co_window_serial, co_window_paths_b,
          co_window_paths_a, co_window_corner_a, co_window_paths_a,
          co_window_of_opportunity_a, co_window_paths_a, co_window_corner_b,
          co_window_paths_c, co_window_2corner, glass_columns_b,
          glass_columns_b, glass_columns_a, glass_columns_b
D:8:      layout_rooms, lemuel_round_altar
D:9:      layout_basic, mainiacjoe_overflow_cross_hatched,
          kennysheep_another_room, nrook_pool_corridor

Skill      XL: |  1  2  3  4  5  6  7  8  9 10 |
---------------+-------------------------------+-----
Stealth        | 2 3 4 |  4.7
Armour         | 1 2 3 4 |  4.6
Fighting       | 1 2 3 4 |  4.6
Throwing       | 1 2 3 4 |  4.1
Maces & Flails | 1 |  1.1
Dodging        | 3 4 5 |  5.7
Invocations    | 1 2 3 4 |  4.5
Short Blades   | 1 |  1.5
Polearms       | 1 2 3 |  3.7
Staves         | 1 2 3 |  3.4
Spellcasting   | 4 |  4.5
Conjurations   | 4 |  4.5
Hexes          | 4 |  4.5
Summonings     | 4 |  4.5
Necromancy     | 4 |  4.5
Translocations | 4 |  4.5
Fire Magic     | 4 |  4.5
Ice Magic      | 4 |  4.5
Air Magic      | 4 |  4.5
Earth Magic    | 4 |  4.5
Alchemy        | 4 |  4.5
Evocations     | 2 |  2.2
Shapeshifting  | 1 |  1.8
Shields        | 1 |  1.0

Action                     |  1- 3 |  4- 6 |  7- 9 | 10-12 || total
---------------------------+-------+-------+-------+-------++-------
  Melee: Mace              |    28 |    30 |       |       ||    58
         Dagger            |       |     7 |    24 |       ||    31
         Headbutt          |       |       |     7 |       ||     7
         Halberd           |       |       |    85 |    44 ||   129
  Throw: Boomerang         |    22 |    63 |    18 |     4 ||   107
   Cast: Sting             |     8 |       |       |       ||     8
         Mercury Vapours   |     7 |    13 |     5 |     1 ||    26
         Olgreb's Toxic Ra |       |     8 |    38 |    11 ||    57
         Sticky Flame      |       |     4 |    14 |       ||    18
         Mephitic Cloud    |       |     2 |    14 |     1 ||    17
         Static Discharge  |       |     2 |     4 |       ||     6
         Fulminant Prism   |       |       |     1 |       ||     1
 Invoke: Upheaval          |       |       |     1 |       ||     1
  Evoke: Wand              |       |       |     3 |     4 ||     7
    Use: Scroll            |       |     8 |    13 |     2 ||    23
         Potion            |       |     1 |    11 |     1 ||    13
   Stab: Confused          |       |       |     1 |       ||     1
 Armour: Robe              |    15 |    19 |    56 |       ||    90
         Leather armour    |       |       |    37 |    53 ||    90
         Skin              |       |       |     7 |    19 ||    26
  Dodge: Dodged            |    25 |    47 |   120 |    43 ||   235
  Block: Other             |       |     2 |    39 |    16 ||    57
